AoeStats
← lillebror

Arabia

510372389Analyzed
1v1 RM · 2d ago on Sep 30, 2026· 45m 10s· 2 players
Game mode
Random Map
Map size
Tiny (2 player)
Population
200
Speed
Normal
Resources
Standard
Victory
Conquest
Starting age
Dark Age
Ending age
Imperial Age
RankedLock teamsTeams togetherTeam positionsShared explorationLock speedFull tech treeHidden civsTurbo modeCheats
Victory
Defeat
🇬🇧 Byzantines · United Kingdom
1168
+15
🇩🇰 Mongols · Denmark
1141
-15
lillebror
9:11 Feudal Age
7:58 Loom
12:58 Forging
13:32 Double-Bit Axe
15:24 Horse Collar
20:55 Gold Mining
23:58 Castle Age
22:59 Bloodlines
23:48 Scale Barding Armor
25:47 Wheelbarrow
26:07 Bow Saw
29:08 Iron Casting
33:36 Chain Barding Armor
34:42 Hand Cart
35:03 Pikeman
35:43 Squires
38:05 Scale Mail Armor
38:11 Heavy Plow
38:58 Husbandry
39:35 Chain Mail Armor
44:02 Imperial Age
42:55 Gold Shaft Mining
42:11 Stone Mining
Lord Reed 5th
6:10 Loom
9:24 Feudal Age
20:59 Castle Age
19:22 Scale Barding Armor
21:25 Forging
21:55 Double-Bit Axe
22:55 Husbandry
23:56 Horse Collar
26:05 Bow Saw
26:57 Heavy Plow
33:11 Wheelbarrow
34:22 Chain Barding Armor
40:45 Imperial Age
38:52 Hand Cart
38:56 Hand Cart
39:36 Ballistics
39:37 Light Cavalry
40:55 Iron Casting
40:11 Fletching
40:53 Heavy Camel Rider
40:53 Hussar
44:11 Conscription
43:45 Capped Ram
45:09 Crop Rotation
Connection lost

Rejoining the realm…

Still unreachable

The connection could not be restored.

Session expired

The server has moved on; the page needs a fresh start.